 Dungeon Crawl Stone Soup version 0.26-a0-466-g989023bd0d (webtiles) character file.

Game seed: 18133715323860766740

41316 nagji the Spear-Bearer (level 14, -3/97 (98) HPs)
             Began as an Octopode Fighter on Aug 11, 2020.
             Was an Initiate of Gozag.
             Slain by a torpor snail (29 damage)
             ... on level 4 of the Lair of Beasts.
             The game lasted 00:45:59 (20296 turns).

nagji the Spear-Bearer (Octopode Fighter)          Turns: 20296, Time: 00:46:00

HP:   -3/97 (98)    AC:  5    Str: 20    XL:     14   Next: 14%
MP:   20/20         EV: 21    Int: 16    God:    Gozag
Gold: 2855          SH:  0    Dex: 18    Spells: 17/22 levels left

rFire    + + +     SeeInvis +   a - +4 trident (venom)
rCold    . . .     Faith    .   b - +1 kite shield
rNeg     . . .     Spirit   .   (helmet restricted)
rPois    .         Reflect  +   k - amulet of reflection
rElec    +         Harm     .   i - ring of see invisible
rCorr    .                      g - ring of protection from magic
MR       ++...                  p - ring "Ihikhuts" {rElec rF++ Int+6}
Stlth    ++++......             A - +4 ring of protection
HPRegen  0.66/turn              D - +6 ring of dexterity
MPRegen  0.17/turn              H - ring of protection from fire
                                (no ring)
                                (no ring)

@: sleeping, gold aura, slowed
A: almost no armour, stealthy swim, amphibious, 8 rings, constrict 8, beak,
repulsion field 1, camouflage 1, blink, regeneration 1, gelatinous body 1,
evolution 1
a: Blink, Potion Petition, Call Merchant, Bribe Branch, Renounce Religion


You were on level 4 of the Lair of Beasts.
You worshipped Gozag.
Gozag was most pleased with you.
You visited 2 branches of the dungeon, and saw 17 of its levels.
You also visited: Sewer.

You collected 5014 gold pieces.
You spent 2122 gold pieces at shops.
You paid 37 gold pieces to Gozag.

Inventory:

Hand Weapons
 a - a +4 trident of venom (weapon)
 E - the +5 morningstar of Outrage {vorpal, rPois Dex-2 Stlth+}
   (You found it on level 10 of the Dungeon)

   It inflicts extra damage upon your enemies.
   It affects your dexterity (-2).
   It protects you from poison.
   It makes you more stealthy.
 F - a +0 trident of venom
Missiles
 y - 2 boomerangs
 z - 33 poisoned darts (quivered)
 N - 7 javelins
 O - a throwing net
Armour
 b - a +1 kite shield (worn)
Jewellery
 g - a ring of protection from magic (right tentacle)
 i - a ring of see invisible (left tentacle)
 k - an amulet of reflection (around mantle)
 p - the ring "Ihikhuts" (on tentacle) {rElec rF++ Int+6}
   (You acquired it on level 4 of the Dungeon)

   [ring of intelligence]

   It affects your intelligence (+6).
   It greatly protects you from fire.
   It insulates you from electricity.
 A - a +4 ring of protection (on tentacle)
 C - an uncursed ring of ice
 D - a +6 ring of dexterity (on tentacle)
 H - a ring of protection from fire (on tentacle)
Wands
 j - a wand of iceblast (16)
 l - a wand of digging (5)
 s - a wand of paralysis (35)
 t - a wand of polymorph (30)
 I - a wand of clouds (3)
 J - a wand of disintegration (9)
 M - a wand of flame (53)
 Q - a wand of acid (5)
Scrolls
 e - 4 scrolls of magic mapping
 f - 5 scrolls of remove curse
 m - 7 scrolls of teleportation
 q - a scroll of immolation
 v - a scroll of blinking
 w - 6 scrolls of identify
 x - 4 scrolls of fear
 K - a scroll of amnesia
 P - 3 scrolls of enchant weapon
 R - a scroll of enchant armour
Potions
 c - 7 potions of might
 d - 2 potions of lignification
 h - 6 potions of curing
 n - 3 potions of brilliance
 o - 5 potions of heal wounds
 r - 3 potions of berserk rage
 u - 4 potions of haste
 B - 4 potions of flight
 G - 2 potions of cancellation
 L - 6 potions of ambrosia


   Skills:
 + Level 9.9 Fighting
 + Level 14.2 Polearms
 + Level 4.6 Throwing
 + Level 9.0 Dodging
 - Level 4.8 Stealth
 + Level 10.7 Shields
 * Level 4.5 Spellcasting
 - Level 0.1 Translocations
 * Level 5.2 Transmutations
 * Level 4.8 Air Magic
 + Level 1.0 Evocations


You had 17 spell levels left.
You knew the following spells:

 Your Spells              Type           Power        Failure   Level
a - Swiftness             Air            ###.....     6%          2
b - Apportation           Tloc           #.....       26%         1
c - Wereblood             Tmut           ###.....     4%          2

Your spell library contained the following spells:

 Spells                   Type           Power        Failure   Level
 Beastly Appendage        Tmut           ###...       3%          1
 Shock                    Conj/Air       ##..         11%         1
 Corona                   Hex            #......      28%         1
 Spider Form              Tmut/Pois      ##........   28%         3
 Static Discharge         Conj/Air       ##......     30%         3
 Airstrike                Air            ###.......   36%         4
 Ensorcelled Hibernation  Hex/Ice        #.....       38%         2
 Lesser Beckoning         Tloc           #.........   61%         3
 Confusing Touch          Hex            #.......     63%         3
 Dazzling Flash           Conj/Hex       #.....       63%         3
 Tukima's Dance           Hex            #.......     63%         3
 Blade Hands              Tmut           ###.......   65%         5
 Ice Form                 Ice/Tmut       ##......     67%         4
 Alistair's Intoxication  Tmut/Pois      ##.......    95%         5
 Lightning Bolt           Conj/Air       ##........   96%         5
 Invisibility             Hex            #.......     100%        6


Dungeon Overview and Level Annotations

Branches:
Dungeon (13/15)            Temple (0/1) D:5            Lair (4/6) D:8
 Shoals (0/4) Lair:4       Spider (0/4) Lair:3          Orc (0/2) D:9
  Sewer (visited)
 Vaults: D:13-14

Altars:
Ashenzari
Cheibriados
Dithmenos
Elyvilon
Fedhas
Gozag
Hepliaklqana
Kikubaaqudgha
Makhleb
Nemelex Xobeh
Ru
Sif Muna
Trog
Vehumet
Xom
Yredelemnul

Shops:
D:4 !*?*   D:8 *   D:9 *   D:10 :

Annotations:
D:2 exclusion: downstairs
D:4 1 runed translucent door, Crazy Yiuf
D:5 exclusion: downstairs
D:10 exclusion: ice statue
D:12 exclusion: 3 downstairs
D:13 Rupert
Lair:1 exclusion: downstairs
Lair:2 exclusion: door


Innate Abilities, Weirdness & Mutations

You cannot wear most types of armour.
You are very stealthy in the water. (Stealth+)
You are amphibious.
You can wear up to eight rings at the same time.
You can use your tentacles to constrict eight enemies at once.
Your skin changes colour to match your surroundings (Stealth+).
Your rubbery body absorbs attacks. (AC +1, EV +1)
You have a beak for a mouth.
You are surrounded by a mild repulsion field. (EV +2)
You can translocate small distances at will.
Your natural rate of healing is unusually fast.
You evolve.


Message History

You hit the torpor snail.
The torpor snail looks as sick as possible!
You peck the torpor snail, but do no damage.
The torpor snail is severely wounded.
The torpor snail bites you!
* * * LOW HITPOINT WARNING * * *
You block the dream sheep's attack. x2
You hit the torpor snail.
The torpor snail looks as sick as possible!
The torpor snail is severely wounded.
The dream sheep shake their wool and sparkle.
You feel drowsy...
You fall asleep.
The torpor snail barely misses you. The dream sheep closely misses you.
The dream sheep completely misses you. The dream sheep misses you.
The torpor snail completely misses you. The dream sheep misses you.
The dream sheep becomes distracted by the nearby gold, dreaming of imaginary riches.
The dream sheep bleats!
The torpor snail bites you!!
You die...
Your body crumbles into a pile of gold.

#..........#.....#
P.<..........P.#.#
#...........P..###
#>..........P....#
...............### ##
...........)....## #..#
.................# .....
................##......
≈≈≈≈≈≈≈≈........@YY.....
≈≈≈≈≈≈≈≈..[.....Yw......
≈≈≈#≈≈≈≈................
≈≈≈≈≈≈≈≈...P#.....##....
#≈≈≈≈#≈≈....###..## ...
≈≈≈#≈≈≈≈..< ##.. ..
≈≈≈≈≈≈≈≈.. ... .
≈#≈≈≈≈≈≈.. #..
≈≈≈≈≈≈≈≈..


You could see a torpor snail (extremely poisoned) and 3 dream sheep.

Vanquished Creatures
  3 hydras
  4 two-headed ogres
  A centaur warrior (D:13)
  An alligator (Lair:4)
  3 tengu warriors
  6 death yaks
  Urug (D:13)
  Nergalle (D:11)
  2 unseen horrors
  Pikel (D:6)
  An oklob plant (Lair:4)
  A cyclops (D:12)
  Maurice (D:9)
  4 cane toads
  Joseph (D:9)
  2 komodo dragons
  2 rime drakes
  A tengu conjurer (D:13)
  4 jumping spiders (Lair:3)
  A queen bee (Lair:2)
  A troll (D:11)
  12 blink frogs
  2 hornets (D:11)
  Grinder (D:3)
  3 hippogriffs
  7 dream sheep
  Sigmund (D:3)
  A redback (Lair:3)
  A basilisk (Lair:3)
  44 yaks
  Menkaure (D:5)
  A soldier ant (D:10)
  3 swamp worms (Lair:4)
  4 water moccasins
  5 porcupines
  5 orc warriors
  A black bear (Lair:1)
  2 ice beasts
  3 sky beasts
  6 ogres
  An eye of draining (D:11)
  10 crocodiles
  6 wolves
  A necrophage (D:5)
  4 big kobolds
  17 bullfrogs
  A gnoll sergeant (D:8)
  A water moccasin zombie (D:10)
  8 scorpions
  27 killer bees
  16 wights
  6 howler monkeys
  2 electric eels
  A centaur zombie (D:6)
  3 bullfrog zombies
  6 orc priests
  2 bullfrog skeletons
  6 hounds
  3 jellies
  16 orc wizards
  4 centaur skeletons
  3 iguanas
  Ijyb (D:5)
  Natasha (thrice) (D:3)
  11 worker ants
  2 hound zombies (D:5)
  2 hound skeletons
  A howler monkey zombie (D:6)
  4 worker ant zombies
  17 adders
  9 gnolls
  A river rat (D:5)
  A shadow imp (D:5)
  2 white imps
  An ufetubus (D:10)
  6 oozes
  2 adder skeletons
  A worm (D:3)
  3 dart slugs
  19 leopard geckos
  60 orcs
  7 bats
  12 giant cockroaches
  5 goblins
  12 hobgoblins
  15 jackals
  25 kobolds
  9 quokkas
  11 ball pythons
  13 frilled lizards
  A leopard gecko zombie (D:6)
  3 quokka skeletons
  7 rats
555 creatures vanquished.

Vanquished Creatures (collateral kills)
  A wolf (Lair:2)
1 creature vanquished.

Vanquished Creatures (others)
  2 bushes (D:8)
  10 fungi
  19 plants
31 creatures vanquished.

Grand Total: 587 creatures vanquished

Notes
Turn   | Place    | Note
-------+----------+-------------------------------------------
     0 | D:1      | nagji the Octopode Fighter began the quest for the Orb.
     0 | D:1      | Reached XP level 1. HP: 16/16 MP: 1/1
   135 | D:1      | Reached XP level 2. HP: 21/21 MP: 2/2
   599 | D:1      | Reached XP level 3. HP: 23/26 MP: 3/3
   916 | D:2      | Reached skill level 1 in Stealth
   999 | D:2      | Reached XP level 4. HP: 18/32 MP: 4/4
  2203 | D:2      | Reached XP level 5. HP: 29/37 MP: 5/5
  2441 | D:2      | Found a white marble altar of Elyvilon.
  2442 | D:2      | Found a radiant altar of Vehumet.
  2442 | D:2      | Found a bloodstained altar of Trog.
  2473 | D:2      | Found an ancient bone altar of Kikubaaqudgha.
  2475 | D:2      | Found a basalt altar of Yredelemnul.
  2475 | D:2      | Found a shattered altar of Ashenzari.
  2475 | D:2      | Found an opulent altar of Gozag.
  2703 | D:2      | Found a burning altar of Makhleb.
  2707 | D:2      | Found a shimmering altar of Xom.
  2750 | D:2      | Became a worshipper of Gozag Ym Sagoz the Greedy
  2809 | D:3      | Reached skill level 3 in Polearms
  2864 | D:3      | Noticed Sigmund
  3175 | D:3      | Noticed Grinder
  3281 | D:3      | Killed Sigmund
  3281 | D:3      | Reached XP level 6. HP: 31/43 MP: 6/6
  3670 | D:3      | Noticed Natasha
  3672 | D:3      | Paralysed by Grinder for 2 turns
  4179 | D:3      | Reached skill level 4 in Polearms
  4246 | D:3      | Gained mutation: You occasionally shout uncontrollably at
                  | your foes. [potion of mutation]
  4246 | D:3      | Gained mutation: You have a beak for a mouth. [potion of
                  | mutation]
  4246 | D:3      | Gained mutation: You are frail. (-10% HP) [potion of
                  | mutation]
  4246 | D:3      | Gained mutation: You are surrounded by a mild repulsion
                  | field. (EV +2) [potion of mutation]
  4258 | D:3      | Reached XP level 7. HP: 43/43 MP: 7/7
  4325 | D:3      | Killed Natasha
  4378 | D:3      | Killed Grinder
  4378 | D:3      | Reached skill level 5 in Polearms
  4379 | D:3      | Noticed Natasha
  4438 | D:3      | Killed Natasha
  4572 | D:3      | Noticed Natasha
  4578 | D:3      | Killed Natasha
  4590 | D:3      | Found a sacrificial altar of Ru.
  4686 | D:3      | Found a shimmering blue altar of Sif Muna.
  4980 | D:4      | Found Qyfeorph's Magic Scroll Boutique.
  4995 | D:4      | Found Qomeluza's Distillery.
  4995 | D:4      | Found Tykinuw's General Store.
  4996 | D:4      | Found Jiozi's General Store.
  5020 | D:4      | Bought a scroll of brand weapon for 260 gold pieces
  5122 | D:4      | Reached XP level 8. HP: 48/48 MP: 8/8
  5239 | D:4      | Found a sparkling altar of Nemelex Xobeh.
  5397 | D:4      | Found a runed translucent door.
  5398 | D:4      | Noticed Crazy Yiuf
  5622 | D:5      | Entered Level 5 of the Dungeon
  5628 | D:5      | Found a hazy altar of Hepliaklqana.
  5650 | D:5      | Reached skill level 6 in Polearms
  5892 | D:5      | Noticed Ijyb
  5905 | D:5      | Killed Ijyb
  5950 | D:5      | Noticed Menkaure
  5958 | D:5      | Killed Menkaure
  5958 | D:5      | Reached skill level 7 in Polearms
  6025 | D:5      | Found a glowing drain.
  6031 | D:5      | Reached skill level 5 in Shields
  6040 | Sewer    | Entered a sewer
  6450 | Sewer    | Reached skill level 5 in Fighting
  6814 | D:4      | Bought 2 potions of heal wounds for 110 gold pieces
  6823 | D:4      | Bought a scroll of acquirement for 676 gold pieces
  6823 | D:4      | Acquired the ring "Ihikhuts" {rElec rF++ Int+6}
  7020 | D:5      | Found a staircase to the Ecumenical Temple.
  7096 | D:5      | Found a shadowy altar of Dithmenos.
  7104 | D:6      | Reached XP level 9. HP: 53/53 MP: 9/9
  7125 | D:6      | Reached skill level 5 in Dodging
  7191 | D:6      | Reached skill level 8 in Polearms
  7520 | D:6      | Noticed Pikel
  7528 | D:6      | Killed Pikel
  7590 | D:6      | Reached skill level 9 in Polearms
  8814 | D:8      | Reached XP level 10. HP: 60/60 MP: 10/10
  9144 | D:8      | Reached skill level 10 in Polearms
  9203 | D:8      | Found Zejika Nits's Assorted Antiques.
  9210 | D:8      | Bought a peridot ring for 125 gold pieces
  9631 | D:8      | Found a staircase to the Lair.
  9792 | D:4      | Bought a scroll of acquirement for 676 gold pieces
  9792 | D:4      | Acquired a +6 ring of dexterity
 10597 | D:9      | Reached skill level 11 in Polearms
 10625 | D:9      | Noticed Joseph
 10642 | D:9      | Killed Joseph
 10726 | D:9      | Found a staircase to the Orcish Mines.
 10798 | D:9      | Found War Hotu's Assorted Antiques.
 10832 | D:9      | Noticed Maurice
 10840 | D:9      | Killed Maurice
 10840 | D:9      | Reached XP level 11. HP: 66/66 MP: 11/11
 11367 | D:9      | Found a snail-covered altar of Cheibriados.
 11478 | D:10     | Entered Level 10 of the Dungeon
 11554 | D:10     | Noticed a two-headed ogre
 11569 | D:10     | Killed a two-headed ogre
 11627 | D:10     | Noticed a two-headed ogre
 11638 | D:10     | Killed a two-headed ogre
 11644 | D:10     | You fall into a shaft and drop 2 floors!
 11645 | D:12     | Noticed an unseen horror
 11654 | D:12     | Killed an unseen horror
 11719 | D:11     | Reached skill level 12 in Polearms
 11910 | D:11     | Noticed Nergalle
 11927 | D:11     | Killed Nergalle
 12074 | D:10     | Found a blossoming altar of Fedhas.
 12091 | D:10     | Found Gexetig's Book Emporium.
 12175 | D:10     | Reached skill level 1 in Throwing
 12187 | D:10     | Noticed a tengu warrior
 12190 | D:10     | Noticed a tengu warrior
 12207 | D:10     | Killed a tengu warrior
 12220 | D:10     | Killed a tengu warrior
 12220 | D:10     | Reached XP level 12. HP: 36/73 MP: 12/12
 12590 | D:10     | Learned a level 2 spell: Swiftness
 12754 | D:10     | Learned a level 1 spell: Apportation
 12757 | D:10     | Got a smoking morningstar
 12769 | D:10     | Identified the +5 morningstar of Outrage {vorpal, rPois
                  | Dex-2 Stlth+} (You found it on level 10 of the Dungeon)
 12823 | D:10     | Noticed a two-headed ogre
 12840 | D:10     | Killed a two-headed ogre
 13253 | D:11     | Lost mutation: You are frail. (-10% HP) [potion of
                  | mutation]
 13253 | D:11     | Lost mutation: You occasionally shout uncontrollably at
                  | your foes. [potion of mutation]
 13253 | D:11     | Gained mutation: Your natural rate of healing is unusually
                  | fast. [potion of mutation]
 13253 | D:11     | Gained mutation: You have a pair of small antennae on your
                  | head. [potion of mutation]
 13253 | D:11     | Gained mutation: You can translocate small distances at
                  | will. [potion of mutation]
 13253 | D:11     | Gained mutation: You evolve. [potion of mutation]
 13550 | D:11     | Found a basalt altar of Yredelemnul.
 14235 | D:12     | Reached skill level 13 in Polearms
 14405 | D:10     | Bought a book of Changes for 275 gold pieces
 14408 | D:10     | Learned a level 2 spell: Wereblood
 14479 | D:13     | Noticed a centaur warrior
 14486 | D:13     | Killed a centaur warrior
 14494 | D:13     | Noticed a two-headed ogre
 14498 | D:13     | Noticed Rupert
 14513 | D:12     | Killed a two-headed ogre
 14513 | D:12     | Reached skill level 1 in Spellcasting
 14513 | D:12     | Reached skill level 1 in Transmutations
 14693 | D:13     | Noticed a tengu warrior
 14701 | D:13     | Noticed a tengu warrior
 14704 | D:13     | Noticed a death knight
 14919 | D:13     | Noticed Urug
 14933 | D:13     | Killed Urug
 14947 | D:12     | Killed a tengu warrior
 15065 | Lair:1   | Entered Level 1 of the Lair of Beasts
 15248 | Lair:1   | Reached skill level 10 in Shields
 15450 | Lair:1   | Reached XP level 13. HP: 61/89 MP: 17/17
 16370 | Lair:2   | Reached skill level 1 in Air Magic
 17261 | Lair:2   | Reached skill level 1 in Evocations
 17349 | Lair:3   | Reached skill level 14 in Polearms
 17662 | Lair:3   | Found a hole to the Spider Nest.
 18302 | Lair:3   | Lost mutation: You have a pair of small antennae on your
                  | head. [evolution]
 19311 | Lair:4   | Found a staircase to the Shoals.
 19466 | Lair:4   | Reached skill level 5 in Transmutations
 19466 | Lair:4   | Reached XP level 14. HP: 47/96 MP: 20/20
 20296 | Lair:4   | Slain by a torpor snail

Illustrated notes

Levels and vault maps discovered:
D:1:      giann_horns, layout_loops_corners
D:2:      layout_loops_ring, minitemple, grunt_temple_overflow_open,
          solitary_fountain
D:3:      layout_loops_cross, lemuel_blue_sif_altar, nicolae_ru_path_of_blood,
          uniq_natasha, uniq_sigmund, uniq_grinder
D:4:      layout_loops_ring, nemelex_xobeh_ov_fountains_minmay, chequers_avenue,
          minmay_shop_grid_forest, uniq_crazy_yiuf_cottage
D:5:      lemuel_upstairs_altar, layout_basic, old_standard_altar,
          kennysheep_mini_moat, minmay_temple_entry_offerings,
          portal_sewer_entry_b, uniq_menkaure, uniq_ijyb
D:6:      layout_rooms, uniq_pikel
D:7:      layout_basic, kennysheep_doodads
D:8:      layout_basic, minmay_lair_entry_grove, serial_shops,
          nicolae_shop_stone
D:9:      layout_loops_cross, cheibriados_altar_1, hiddenorc1_lemuel,
          serial_shops, shop, st_stairs_10, uniq_maurice, uniq_joseph
D:10:     minmay_statue_hallways, layout_basic, serial_shops, shop,
          fedhas_altar_2
D:11:     layout_small_grid, yredelemnul_altar_generic, uniq_nergalle
D:12:     layout_loops_ring
D:13:     layout_irregular_city, uniq_kirke, uniq_urug, uniq_rupert, uniq_azrael
Lair:1:   layout_layer_cave
Lair:2:   layout_roguey [special_room_bee]
Lair:3:   layout_chaotic_city, spider_nest_entry_a, infiniplex_staircase_pool
Lair:4:   onia_ninara_swampy_vault, layout_cave_pods, shoals_dummy_entry

Skill      XL: |  1  2  3  4  5  6  7  8  9 10 11 12 13 |
---------------+----------------------------------------+-----
Stealth        | 2 3 4 |  4.8
Polearms       | 3 4 5 7 9 11 12 13 14 | 14.2
Fighting       | 4 5 6 7 8 9 |  9.9
Shields        | 4 5 6 8 9 10 | 10.7
Dodging        | 4 5 6 7 8 9 |  9.0
Throwing       | 1 3 4 |  4.6
Spellcasting   | 2 4 |  4.5
Transmutations | 3 5 |  5.2
Air Magic      | 4 |  4.8
Evocations     | 1 |  1.0
Translocations | |  0.1

Action                   |  1- 3 |  4- 6 |  7- 9 | 10-12 | 13-15 || total
-------------------------+-------+-------+-------+-------+-------++-------
Melee: Trident           |    56 |   139 |   369 |   688 |   406 ||  1658
       Constrict         |     9 |    29 |    81 |    95 |    34 ||   248
       Tentacles         |     6 |    19 |    66 |   176 |   117 ||   384
       Peck              |       |       |    63 |   199 |   108 ||   370
Throw: Boomerang         |       |       |       |    16 |       ||    16
       Dart              |       |       |       |    39 |    24 ||    63
       Javelin           |       |       |       |       |     4 ||     4
 Cast: Apportation       |       |       |       |     2 |       ||     2
       Wereblood         |       |       |       |       |     1 ||     1
Evoke: Wand              |       |       |       |       |    12 ||    12
  Use: Scroll            |       |     4 |    14 |    12 |     2 ||    32
       Potion            |       |     1 |     2 |     1 |       ||     4
 Stab: Sleeping          |    12 |    17 |    22 |    15 |     8 ||    74
       Distracted        |       |     2 |     6 |     8 |     7 ||    23
       Confused          |       |       |       |       |     6 ||     6
Armor: Skin              |     4 |     5 |     3 |    19 |    10 ||    41
Dodge: Dodged            |    15 |    36 |    85 |   113 |    87 ||   336
Block: Kite shield       |     8 |    47 |   166 |   288 |   150 ||   659
       Reflection        |       |     2 |     6 |    13 |     2 ||    23

Table legend: (Time is in decaauts)
 A = Elapsed time spent in this place.
 B = Non-inter-level travel time spent in this place.
 C = Inter-level travel time spent in this place.
 D = Time resting spent in this place.
 E = Time spent auto-exploring this place.
 F = Levels seen in this place.
 G = Mean time per level.
                   A        B        C        D        E       F      G
               +--------+--------+--------+--------+--------+-----+--------+
         Total |  20039 |  19004 |   1035 |   5481 |   9960 |  18 | 1113.3 |
       Dungeon |  14296 |  13373 |    923 |   3470 |   7233 |  13 | 1099.7 |
          Lair |   5063 |   4952 |    111 |   1789 |   2458 |   4 | 1265.8 |
         Sewer |    679 |    679 |      0 |    222 |    269 |   1 |  679.0 |
               +--------+--------+--------+--------+--------+-----+--------+

Top non-repeatable levels by time:
     D:2: 2163 daAuts
     D:3: 1560 daAuts
  Lair:3: 1530 daAuts
  Lair:4: 1417 daAuts
    D:10: 1357 daAuts
     D:8: 1304 daAuts
    D:12: 1147 daAuts
  Lair:1: 1141 daAuts
     D:1: 1131 daAuts
     D:4: 1049 daAuts
     D:7: 1016 daAuts
  Lair:2: 974 daAuts
     D:9: 933 daAuts
    D:11: 892 daAuts
     D:5: 870 daAuts
